Workbook

Sheet CUSTO (COM VALORES)
A1: PLANILHA ORÇAMENTÁRIA
A2: 1 - As informações mínimas que deverão constar da planilha são: Numeração do Item, Discriminação, Unidade, Quantidade, Custo Unitário do material, Custo Unitário de Mão de Obra, Custo total do Material por item, Custo total de Mão de Obra por Item, Subtotais de Material, subtotais de Mão de Obra, Total Geral de Material, Total Geral de Mão de Obra e Total Geral do Orçamento. 2 - A Planilha orçamentária abaixo deverá ser apresentada utilizando papel timbrado da empresa; 3 - Os Valores constantes na planilha deverão ser o valores de mercado, sem a aplicação do BDI; 4 - O BDI deverá estar destacado ao final da tabela, com o preenchimento dos campos específicos, conforme abaixo. A composição do BDI aplicado deverá ser detalhada. 5 - Os itens elencados abaixo são referentes a obra ora em licitação, e servirão de referências para cotação. Alterações nos itens e quantidades, somente poderão ocorrer com autorização da Comissão Permanente de Licitação. 6- Todos os serviços e insumos foram cotados com a base de dados SINAPI, tabela não desonerada de SANTA CATARINA em janeiro de 2023. 7- As composições que se iniciam com 8000xx são composições próprias, utilizando-se de insumos e serviços da base SINAPI e se encontram na outra aba desta planilha
A3: CÓDIGO | B3: CÓDIGO COMPOSIÇÃO | C3: Descrição | D3: Unidade | E3: Quantidade orçada | F3: Preço total por grupo
F4: Materiais | H4: Mão de Obra | J4: Preço total
F5: Unitário | G5: Total | H5: Unitário | I5: Total | J5: Unitário | K5: Total
A6: 1 | C6: COBERTURA | G6: =G7+G12+G31+G47 -> 229782.44 | I6: =I7+I12+I31+I47 -> 65527.043 | K6: =K7+K12+K31+K47 -> 295309.48
A7: 1.1 | C7: LAJE IMPERMEABILIZADA | G7: =G8 -> 2849.548 | I7: =I8 -> 1545.8296 | K7: =K8 -> 4395.3775
A8: 1.1.1 | C8: IMPERMEABILIZAÇÃO | G8: =G9+G10+G11 -> 2849.548 | I8: =I9+I10+I11 -> 1545.8296 | K8: =K9+K10+K11 -> 4395.3775
A9: 1.1.1.1 | B9: 12216 | C9: IMPERMEABILIZAÇÃO DE SUPERFÍCIE COM MEMBRANA À BASE DE RESINA ACRÍLICA, 3 DEMÃOS E VÉU DE POLIÉSTER. AF_06/2018 | D9: m2 | E9: 60.59 | F9: 33.66 | G9: =F9*E9 -> 2039.4594 | H9: 20.7915 | I9: =H9*E9 -> 1259.757 | J9: =H9+F9 -> 54.4515 | K9: =I9+G9 -> 3299.2164
A10: 1.1.1.2 | B10: 12417 | C10: LIMPEZA DE SUPERFÍCIE COM JATO DE ALTA PRESSÃO. AF_04/2019 | D10: m2 | E10: 60.59 | F10: 0.051 | G10: =F10*E10 -> 3.09009 | H10: 1.9125 | I10: =H10*E10 -> 115.87838 | J10: =H10+F10 -> 1.9635 | K10: =I10+G10 -> 118.96847
A11: 1.1.1.3 | B11: 80028 | C11: INJEÇÃO DE RESINA EPÓXI PARA TRATAMENTO DE FISSURAS | D11: m | E11: 16.5 | F11: 48.909 | G11: =F11*E11 -> 806.9985 | H11: 10.3148 | I11: =H11*E11 -> 170.1942 | J11: =H11+F11 -> 59.2238 | K11: =I11+G11 -> 977.1927
A12: 1.2 | C12: TELHADO FIBROCIMENTO | G12: =G13+G17+G20+G22+G25+G29 -> 210905.39 | I12: =I13+I17+I20+I22+I25+I29 -> 47741.755 | K12: =K13+K17+K20+K22+K25+K29 -> 258647.14
A13: 1.2.1 | C13: TELHAS | G13: =G14+G15+G16 -> 154035.94 | I13: =I14+I15+I16 -> 5979.704 | K13: =K14+K15+K16 -> 160015.65
A14: 1.2.1.1 | B14: 10497 | C14: TELHAMENTO COM TELHA METÁLICA TERMOACÚSTICA E = 30 MM, COM ATÉ 2 ÁGUAS, INCLUSO IÇAMENTO. AF_07/2019 | D14: m2 | E14: 620.12 | F14: 232.7939 | G14: =F14*E14 -> 144360.15 | H14: 3.0314 | I14: =H14*E14 -> 1879.8318 | J14: =H14+F14 -> 235.8253 | K14: =I14+G14 -> 146239.99
A15: 1.2.1.2 | B15: 11898 | C15: REMOÇÃO DE TELHAS, DE FIBROCIMENTO, METÁLICA E CERÂMICA, DE FORMA MANUAL, SEM REAPROVEITAMENTO. AF_12/2017 | D15: m2 | E15: 620.12 | F15: 0 | G15: =F15*E15 -> 0 | H15: 3.5344 | I15: =H15*E15 -> 2191.7521 | J15: =H15+F15 -> 3.5344 | K15: =I15+G15 -> 2191.7521
A16: 1.2.1.4 | B16: 5074 | C16: RUFO EXTERNO/INTERNO EM CHAPA DE AÇO GALVANIZADO NÚMERO 26, CORTE DE 33 CM, INCLUSO IÇAMENTO. AF_07/2019 | D16: m | E16: 186.08 | F16: 51.998 | G16: =F16*E16 -> 9675.7878 | H16: 10.2543 | I16: =H16*E16 -> 1908.1201 | J16: =H16+F16 -> 62.2523 | K16: =I16+G16 -> 11583.908
A17: 1.2.2 | C17: CALHAS | G17: =G18+G19 -> 10478.944 | I17: =I18+I19 -> 1717.1168 | K17: =K18+K19 -> 12196.061
A18: 1.2.2.1 | B18: 12213 | C18: CALHA EM CHAPA DE AÇO GALVANIZADO NÚMERO 24, DESENVOLVIMENTO DE 50 CM, INCLUSO TRANSPORTE VERTICAL. AF_07/2019 | D18: m | E18: 78.4 | F18: 133.66 | G18: =F18*E18 -> 10478.944 | H18: 16.9595 | I18: =H18*E18 -> 1329.6248 | J18: =H18+F18 -> 150.6195 | K18: =I18+G18 -> 11808.569
A19: 1.2.2.2 | B19: 80026 | C19: REMOÇÃO DE CALHA, RUFO OU SPDA | D19: m | E19: 78.4 | F19: 0 | G19: =F19*E19 -> 0 | H19: 4.9425 | I19: =H19*E19 -> 387.492 | J19: =H19+F19 -> 4.9425 | K19: =I19+G19 -> 387.492
A20: 1.2.3 | C20: PINGADEIRAS | G20: =G21 -> 5870.8497 | I20: =I21 -> 1105.4163 | K20: =K21 -> 6976.266
A21: 1.2.3.1 | B21: 6184 | C21: CHAPIM (RUFO CAPA) EM AÇO GALVANIZADO, CORTE 33. AF_11/2020 | D21: m | E21: 146.64 | F21: 40.0358 | G21: =F21*E21 -> 5870.8497 | H21: 7.5383 | I21: =H21*E21 -> 1105.4163 | J21: =H21+F21 -> 47.5741 | K21: =I21+G21 -> 6976.266
A22: 1.2.4 | C22: SPDA | G22: =G23+G24 -> 3028.4093 | I22: =I23+I24 -> 3162.8488 | K22: =K23+K24 -> 6191.2581
A23: 1.2.4.1 | B23: 11555 | C23: CORDOALHA DE COBRE NU 16 MM², NÃO ENTERRADA, COM ISOLADOR - FORNECIMENTO E INSTALAÇÃO. AF_12/2017 | D23: m | E23: 146.64 | F23: 20.652 | G23: =F23*E23 -> 3028.4093 | H23: 16.6263 | I23: =H23*E23 -> 2438.0806 | J23: =H23+F23 -> 37.2783 | K23: =I23+G23 -> 5466.4899
A24: 1.2.4.2 | B24: 80026 | C24: REMOÇÃO DE CALHA, RUFO OU SPDA | D24: m | E24: 146.64 | F24: 0 | G24: =F24*E24 -> 0 | H24: 4.9425 | I24: =H24*E24 -> 724.7682 | J24: =H24+F24 -> 4.9425 | K24: =I24+G24 -> 724.7682
A25: 1.2.5 | C25: MADEIRAMENTO | G25: =G26+G27+G28 -> 32124.572 | I25: =I26+I27+I28 -> 23556.188 | K25: =K26+K27+K28 -> 55680.761
A26: 1.2.5.1 | B26: 9836 | C26: TRAMA DE MADEIRA COMPOSTA POR RIPAS, CAIBROS E TERÇAS PARA TELHADOS DE MAIS QUE 2 ÁGUAS PARA TELHA DE ENCAIXE DE CERÂMICA OU DE CONCRETO, INCLUSO TRANSPORTE VERTICAL. AF_07/2019 | D26: m2 | E26: 310.06 | F26: 97.1 | G26: =F26*E26 -> 30106.826 | H26: 32.8388 | I26: =H26*E26 -> 10181.998 | J26: =H26+F26 -> 129.9388 | K26: =I26+G26 -> 40288.824
A27: 1.2.5.2 | B27: 11894 | C27: REMOÇÃO DE TRAMA METÁLICA OU DE MADEIRA PARA FORRO, DE FORMA MANUAL, SEM REAPROVEITAMENTO. AF_12/2017 | D27: m2 | E27: 310.06 | F27: 0 | G27: =F27*E27 -> 0 | H27: 3.093 | I27: =H27*E27 -> 959.01558 | J27: =H27+F27 -> 3.093 | K27: =I27+G27 -> 959.01558
A28: 1.2.5.3 | B28: 80029 | C28: IMUNIZAÇÃO DE MADEIRA CONTRA CUPIM, COM APLICAÇÃO DE 01 DEMÃO DE PENTOX OU SIMILAR | D28: m2 | E28: 620.12 | F28: 3.2538 | G28: =F28*E28 -> 2017.7465 | H28: 20.0206 | I28: =H28*E28 -> 12415.174 | J28: =H28+F28 -> 23.2744 | K28: =I28+G28 -> 14432.921
A29: 1.2.6 | C29: DEMOLIÇÃO | G29: =G30 -> 5366.669 | I29: =I30 -> 12220.481 | K29: =K30 -> 17587.15
A30: 1.2.6.1 | B30: 80050 | C30: ENSACAMENTO ENTULHO,TRANS.VERTICAL COM ELEVADOR E CAÇAMBA | D30: m3 | E30: 70 | F30: 76.6667 | G30: =F30*E30 -> 5366.669 | H30: 174.5783 | I30: =H30*E30 -> 12220.481 | J30: =H30+F30 -> 251.245 | K30: =I30+G30 -> 17587.15
A31: 1.3 | C31: TELHADO METÁLICO | G31: =G32+G39+G42 -> 13604.175 | I31: =I32+I39+I42 -> 14351.544 | K31: =K32+K39+K42 -> 27955.72
A32: 1.3.1 | C32: TELHAS | G32: =G33+G34+G35+G36+G37+G38 -> 4657.713 | I32: =I33+I34+I35+I36+I37+I38 -> 12489.303 | K32: =K33+K34+K35+K36+K37+K38 -> 17147.016
A33: 1.3.1.1 | B33: 5074 | C33: RUFO EXTERNO/INTERNO EM CHAPA DE AÇO GALVANIZADO NÚMERO 26, CORTE DE 33 CM, INCLUSO IÇAMENTO. AF_07/2019 | D33: m | E33: 61.61 | F33: 51.998 | G33: =F33*E33 -> 3203.5968 | H33: 10.2543 | I33: =H33*E33 -> 631.76742 | J33: =H33+F33 -> 62.2523 | K33: =I33+G33 -> 3835.3642
A34: 1.3.1.2 | B34: 12417 | C34: LIMPEZA DE SUPERFÍCIE COM JATO DE ALTA PRESSÃO. AF_04/2019 | D34: m2 | E34: 405.17 | F34: 0.051 | G34: =F34*E34 -> 20.66367 | H34: 1.9125 | I34: =H34*E34 -> 774.88763 | J34: =H34+F34 -> 1.9635 | K34: =I34+G34 -> 795.5513
A35: 1.3.1.3 | B35: 80027 | C35: RETIRADA MANUAL DE COBERTURA EM TELHA METÁLICA COM APROVEITAMENTO, INCLUSIVE REMOÇÃO E EMPILHAMENTO MANUAL DO MATERIAL | D35: m2 | E35: 127.83 | G35: =F35*E35 -> 0 | H35: 14.652 | I35: =H35*E35 -> 1872.9652 | J35: =H35+F35 -> 14.652 | K35: =I35+G35 -> 1872.9652
A36: 1.3.1.4 | B36: 5299 | C36: LIXAMENTO MANUAL EM SUPERFÍCIES METÁLICAS EM OBRA. AF_01/2020 | D36: m2 | E36: 60.77 | F36: 1.455 | G36: =F36*E36 -> 88.42035 | H36: 9.3308 | I36: =H36*E36 -> 567.03272 | J36: =H36+F36 -> 10.7858 | K36: =I36+G36 -> 655.45307
A37: 1.3.1.5 | B37: 80000 | C37: SUBSTITUIÇÃO DE PARAFUSOS METÁLICOS | D37: m2 | E37: 405.17 | F37: 3.15 | G37: =F37*E37 -> 1276.2855 | H37: 20.936 | I37: =H37*E37 -> 8482.6391 | J37: =H37+F37 -> 24.086 | K37: =I37+G37 -> 9758.9246
A38: 1.3.1.5 | B38: 80001 | C38: APLICAÇÃO DE SELANTE EM RUFOS E PARAFUSOS | D38: m | E38: 10.5 | F38: 6.5473 | G38: =F38*E38 -> 68.74665 | H38: 15.2391 | I38: =H38*E38 -> 160.01055 | J38: =H38+F38 -> 21.7864 | K38: =I38+G38 -> 228.7572
A39: 1.3.2 | C39: CALHAS | G39: =G40+G41 -> 8234.7926 | I39: =I40+I41 -> 1349.3822 | K39: =K40+K41 -> 9584.1748
A40: 1.3.2.1 | B40: 10509 | C40: CALHA EM CHAPA DE AÇO GALVANIZADO NÚMERO 24, DESENVOLVIMENTO DE 100 CM, INCLUSO TRANSPORTE VERTICAL. AF_07/2019 | D40: m | E40: 61.61 | F40: 133.66 | G40: =F40*E40 -> 8234.7926 | H40: 16.9595 | I40: =H40*E40 -> 1044.8748 | J40: =H40+F40 -> 150.6195 | K40: =I40+G40 -> 9279.6674
A41: 1.3.2.2 | B41: 80026 | C41: REMOÇÃO DE CALHA, RUFO OU SPDA | D41: m | E41: 61.61 | G41: =F41*E41 -> 0 | H41: 4.9425 | I41: =H41*E41 -> 304.50743 | J41: =H41+F41 -> 4.9425 | K41: =I41+G41 -> 304.50743
A42: 1.3.3 | C42: ACABAMENTO INTERNO PARA ALOCAÇÃO DE CALHAS | G42: =G43+G44+G45+G46 -> 711.66981 | I42: =I43+I44+I45+I46 -> 512.85943 | K42: =K43+K44+K45+K46 -> 1224.5292
A43: 1.3.3.1 | B43: 8192 | C43: APLICAÇÃO MANUAL DE PINTURA COM TINTA LÁTEX ACRÍLICA EM PAREDES, DUAS DEMÃOS. AF_06/2014 | D43: m2 | E43: 50.83 | F43: 8.6658 | G43: =F43*E43 -> 440.48261 | H43: 7.3263 | I43: =H43*E43 -> 372.39583 | J43: =H43+F43 -> 15.9921 | K43: =I43+G43 -> 812.87844
A44: 1.3.3.2 | B44: 8196 | C44: APLICAÇÃO E LIXAMENTO DE MASSA LÁTEX EM PAREDES, DUAS DEMÃOS. AF_06/2014 | D44: m2 | E44: 4 | F44: 7.6261 | G44: =F44*E44 -> 30.5044 | H44: 12.1993 | I44: =H44*E44 -> 48.7972 | J44: =H44+F44 -> 19.8254 | K44: =I44+G44 -> 79.3016
A45: 1.3.3.3 | B45: 11892 | C45: REMOÇÃO DE FORROS DE DRYWALL, PVC E FIBROMINERAL, DE FORMA MANUAL, SEM REAPROVEITAMENTO. AF_12/2017 | D45: m2 | E45: 4 | G45: =F45*E45 -> 0 | H45: 1.7321 | I45: =H45*E45 -> 6.9284 | J45: =H45+F45 -> 1.7321 | K45: =I45+G45 -> 6.9284
A46: 1.3.3.4 | B46: 11224 | C46: FORRO EM DRYWALL, PARA AMBIENTES RESIDENCIAIS, INCLUSIVE ESTRUTURA DE FIXAÇÃO. AF_05/2017_PS | D46: m2 | E46: 4 | F46: 60.1707 | G46: =F46*E46 -> 240.6828 | H46: 21.1845 | I46: =H46*E46 -> 84.738 | J46: =H46+F46 -> 81.3552 | K46: =I46+G46 -> 325.4208
A47: 1.4 | C47: PLATIBANDA | G47: =G48+G51 -> 2423.3309 | I47: =I48+I51 -> 1887.9134 | K47: =K48+K51 -> 4311.2443
A48: 1.4.1 | C48: PINTURA | G48: =G49+G50 -> 1660.5504 | I48: =I49+I50 -> 1759.9914 | K48: =K49+K50 -> 3420.5418
A49: 1.4.1.1 | B49: 8192 | C49: APLICAÇÃO MANUAL DE PINTURA COM TINTA LÁTEX ACRÍLICA EM PAREDES, DUAS DEMÃOS. AF_06/2014 | D49: m2 | E49: 190.5 | F49: 8.6658 | G49: =F49*E49 -> 1650.8349 | H49: 7.3263 | I49: =H49*E49 -> 1395.6601 | J49: =H49+F49 -> 15.9921 | K49: =I49+G49 -> 3046.495
A50: 1.4.1.2 | B50: 12417 | C50: LIMPEZA DE SUPERFÍCIE COM JATO DE ALTA PRESSÃO. AF_04/2019 | D50: m2 | E50: 190.5 | F50: 0.051 | G50: =F50*E50 -> 9.7155 | H50: 1.9125 | I50: =H50*E50 -> 364.33125 | J50: =H50+F50 -> 1.9635 | K50: =I50+G50 -> 374.04675
A51: 1.4.2 | C51: PLACA CIMENTÍCEA | G51: =G52+G53+G54 -> 762.7805 | I51: =I52+I53+I54 -> 127.922 | K51: =K52+K53+K54 -> 890.7025
A52: 1.4.2.1 | B52: 11892 | C52: REMOÇÃO DE FORROS DE DRYWALL, PVC E FIBROMINERAL, DE FORMA MANUAL, SEM REAPROVEITAMENTO. AF_12/2017 | D52: m2 | E52: 5 | F52: 0 | G52: =F52*E52 -> 0 | H52: 1.7321 | I52: =H52*E52 -> 8.6605 | J52: =H52+F52 -> 1.7321 | K52: =I52+G52 -> 8.6605
A53: 1.4.2.2 | B53: 80031 | C53: PAREDE COM PLACAS CIMENTÍCEAS (DRYWALL), PARA USO EXTERNA, COM UMA FACE SIMPLES E ESTRUTURA METÁLICA COM GUIAS SIMPLES, SEM VÃOS. AF_06/2017_PS | D53: m2 | E53: 5 | F53: 145.4197 | G53: =F53*E53 -> 727.0985 | H53: 16.4986 | I53: =H53*E53 -> 82.493 | J53: =H53+F53 -> 161.9183 | K53: =I53+G53 -> 809.5915
A54: 1.4.2.3 | B54: 10886 | C54: TEXTURA ACRÍLICA, APLICAÇÃO MANUAL EM PAREDE, UMA DEMÃO. AF_09/2016 | D54: m2 | E54: 5 | F54: 7.1364 | G54: =F54*E54 -> 35.682 | H54: 7.3537 | I54: =H54*E54 -> 36.7685 | J54: =H54+F54 -> 14.4901 | K54: =I54+G54 -> 72.4505
A55: 2 | C55: ÁREAS INTERNAS - SEGUNDO PAVIMENTO | G55: =G56+G63+G70+G75 -> 1681.8354 | I55: =I56+I63+I70+I75 -> 794.23202 | K55: =K56+K63+K70+K75 -> 2476.0674
A56: 2.1 | C56: ENSINO MÉDIO 3 | G56: =G57+G60 -> 568.45011 | I56: =I57+I60 -> 430.42833 | K56: =K57+K60 -> 998.87844
A57: 2.1.1 | C57: REVESTIMENTO ARGAMASSADO | G57: =G58+G59 -> 448.10871 | I57: =I58+I59 -> 384.59513 | K57: =K58+K59 -> 832.70384
A58: 2.1.1.1 | B58: 8192 | C58: APLICAÇÃO MANUAL DE PINTURA COM TINTA LÁTEX ACRÍLICA EM PAREDES, DUAS DEMÃOS. AF_06/2014 | D58: m2 | E58: 50.83 | F58: 8.6658 | G58: =F58*E58 -> 440.48261 | H58: 7.3263 | I58: =H58*E58 -> 372.39583 | J58: =H58+F58 -> 15.9921 | K58: =I58+G58 -> 812.87844
A59: 2.1.1.2 | B59: 8196 | C59: APLICAÇÃO E LIXAMENTO DE MASSA LÁTEX EM PAREDES, DUAS DEMÃOS. AF_06/2014 | D59: m2 | E59: 1 | F59: 7.6261 | G59: =F59*E59 -> 7.6261 | H59: 12.1993 | I59: =H59*E59 -> 12.1993 | J59: =H59+F59 -> 19.8254 | K59: =I59+G59 -> 19.8254
A60: 2.1.2 | C60: FORRO EM GESSO ACARTONADO | G60: =G61+G62 -> 120.3414 | I60: =I61+I62 -> 45.8332 | K60: =K61+K62 -> 166.1746
A61: 2.1.2.1 | B61: 11892 | C61: REMOÇÃO DE FORROS DE DRYWALL, PVC E FIBROMINERAL, DE FORMA MANUAL, SEM REAPROVEITAMENTO. AF_12/2017 | D61: m2 | E61: 2 | G61: =F61*E61 -> 0 | H61: 1.7321 | I61: =H61*E61 -> 3.4642 | J61: =H61+F61 -> 1.7321 | K61: =I61+G61 -> 3.4642
A62: 2.1.2.2 | B62: 11224 | C62: FORRO EM DRYWALL, PARA AMBIENTES RESIDENCIAIS, INCLUSIVE ESTRUTURA DE FIXAÇÃO. AF_05/2017_PS | D62: m2 | E62: 2 | F62: 60.1707 | G62: =F62*E62 -> 120.3414 | H62: 21.1845 | I62: =H62*E62 -> 42.369 | J62: =H62+F62 -> 81.3552 | K62: =I62+G62 -> 162.7104
A63: 2.2 | C63: ENSINO MÉDIO 2 | G63: =G64+G67 -> 179.02659 | I63: =I64+I67 -> 106.95122 | K63: =K64+K67 -> 285.97781
A64: 2.2.1 | C64: REVESTIMENTO ARGAMASSADO | G64: =G65+G66 -> 58.68519 | I64: =I65+I66 -> 61.118016 | K64: =K65+K66 -> 119.80321
A65: 2.2.1.1 | B65: 8192 | C65: APLICAÇÃO MANUAL DE PINTURA COM TINTA LÁTEX ACRÍLICA EM PAREDES, DUAS DEMÃOS. AF_06/2014 | D65: m2 | E65: 5.012 | F65: 8.6658 | G65: =F65*E65 -> 43.43299 | H65: 7.3263 | I65: =H65*E65 -> 36.719416 | J65: =H65+F65 -> 15.9921 | K65: =I65+G65 -> 80.152405
A66: 2.2.2.2 | B66: 8196 | C66: APLICAÇÃO E LIXAMENTO DE MASSA LÁTEX EM PAREDES, DUAS DEMÃOS. AF_06/2014 | D66: m2 | E66: 2 | F66: 7.6261 | G66: =F66*E66 -> 15.2522 | H66: 12.1993 | I66: =H66*E66 -> 24.3986 | J66: =H66+F66 -> 19.8254 | K66: =I66+G66 -> 39.6508
A67: 2.2.2 | C67: FORRO EM GESSO ACARTONADO | G67: =G68+G69 -> 120.3414 | I67: =I68+I69 -> 45.8332 | K67: =K68+K69 -> 166.1746
A68: 2.2.2.1 | B68: 11892 | C68: REMOÇÃO DE FORROS DE DRYWALL, PVC E FIBROMINERAL, DE FORMA MANUAL, SEM REAPROVEITAMENTO. AF_12/2017 | D68: m2 | E68: 2 | G68: =F68*E68 -> 0 | H68: 1.7321 | I68: =H68*E68 -> 3.4642 | J68: =H68+F68 -> 1.7321 | K68: =I68+G68 -> 3.4642
A69: 2.2.2.2 | B69: 11224 | C69: FORRO EM DRYWALL, PARA AMBIENTES RESIDENCIAIS, INCLUSIVE ESTRUTURA DE FIXAÇÃO. AF_05/2017_PS | D69: m2 | E69: 2 | F69: 60.1707 | G69: =F69*E69 -> 120.3414 | H69: 21.1845 | I69: =H69*E69 -> 42.369 | J69: =H69+F69 -> 81.3552 | K69: =I69+G69 -> 162.7104
A70: 2.3 | C70: BWC FEMININO | G70: =G71 -> 466.79548 | I70: =I71 -> 117.5344 | K70: =K71 -> 584.32988
A71: 2.3.1 | C71: REVESTIMENTO ARGAMASSADO | G71: =G72+G73+G74 -> 466.79548 | I71: =I72+I73+I74 -> 117.5344 | K71: =K72+K73+K74 -> 584.32988
A72: 2.3.1.1 | B72: 11241 | C72: APLICAÇÃO MANUAL DE MASSA ACRÍLICA EM PANOS DE FACHADA SEM PRESENÇA DE VÃOS, DE EDIFÍCIOS DE MÚLTIPLOS PAVIMENTOS, DUAS DEMÃOS. AF_05/2017 | D72: m2 | E72: 1 | F72: 13.5544 | G72: =F72*E72 -> 13.5544 | H72: 12.2206 | I72: =H72*E72 -> 12.2206 | J72: =H72+F72 -> 25.775 | K72: =I72+G72 -> 25.775
A73: 2.3.1.2 | B73: 80024 | C73: APLICAÇÃO MANUAL DE PINTURA COM TINTA EPÓXI EM PAREDES E FORROS, DUAS DEMÃOS. | D73: m2 | E73: 8.99 | F73: 50.3519 | G73: =F73*E73 -> 452.66358 | H73: 11.3799 | I73: =H73*E73 -> 102.3053 | J73: =H73+F73 -> 61.7318 | K73: =I73+G73 -> 554.96888
A74: 2.3.1.3 | B74: 80025 | C74: LIXAMENTO MANUAL EM PAREDE PARA REMOÇÃO DE TINTA | D74: m2 | E74: 1 | F74: 0.5775 | G74: =F74*E74 -> 0.5775 | H74: 3.0085 | I74: =H74*E74 -> 3.0085 | J74: =H74+F74 -> 3.586 | K74: =I74+G74 -> 3.586
A75: 2.4 | C75: BWC MASCULINO | G75: =G76 -> 467.56323 | I75: =I76 -> 139.31807 | K75: =K76 -> 606.8813
A76: 2.4.1 | C76: REVESTIMENTO ARGAMASSADO | G76: =G77+G78+G79+G80 -> 467.56323 | I76: =I77+I78+I79+I80 -> 139.31807 | K76: =K77+K78+K79+K80 -> 606.8813
A77: 2.4.1.1 | B77: 11241 | C77: APLICAÇÃO MANUAL DE MASSA ACRÍLICA EM PANOS DE FACHADA SEM PRESENÇA DE VÃOS, DE EDIFÍCIOS DE MÚLTIPLOS PAVIMENTOS, DUAS DEMÃOS. AF_05/2017 | D77: m2 | E77: 1 | F77: 13.5544 | G77: =F77*E77 -> 13.5544 | H77: 12.2206 | I77: =H77*E77 -> 12.2206 | J77: =H77+F77 -> 25.775 | K77: =I77+G77 -> 25.775
A78: 2.4.1.2 | B78: 80024 | C78: APLICAÇÃO MANUAL DE PINTURA COM TINTA EPÓXI EM PAREDES E FORROS, DUAS DEMÃOS. | D78: m2 | E78: 8.99 | F78: 50.3519 | G78: =F78*E78 -> 452.66358 | H78: 11.3799 | I78: =H78*E78 -> 102.3053 | J78: =H78+F78 -> 61.7318 | K78: =I78+G78 -> 554.96888
A79: 2.4.1.3 | B79: 80025 | C79: LIXAMENTO MANUAL EM PAREDE PARA REMOÇÃO DE TINTA | D79: m2 | E79: 1 | F79: 0.5775 | G79: =F79*E79 -> 0.5775 | H79: 3.0085 | I79: =H79*E79 -> 3.0085 | J79: =H79+F79 -> 3.586 | K79: =I79+G79 -> 3.586
A80: 2.4.1.4 | B80: 80017 | C80: LIMPEZA MANUAL COM HIPOCLORITO DE SÓDIO | D80: m2 | E80: 8.99 | F80: 0.0854 | G80: =F80*E80 -> 0.767746 | H80: 2.4231 | I80: =H80*E80 -> 21.783669 | J80: =H80+F80 -> 2.5085 | K80: =I80+G80 -> 22.551415
A81: 3 | C81: ÁREAS INTERNAS - PRIMEIRO PAVIMENTO | G81: =G82+G88+G94+G103+G108+G123+G114+G128+G133+G140+G144+G150 -> 7156.3826 | I81: =I82+I88+I94+I103+I108+I123+I114+I128+I133+I140+I144+I150 -> 7221.8078 | K81: =K82+K88+K94+K103+K108+K123+K114+K128+K133+K140+K144+K150 -> 14378.19
A82: 3.1 | C82: ENSINO FUNDAMENTAL 6 | G82: =G83+G154 -> 592.46392 | I82: =I83 -> 700.88184 | K82: =K83 -> 1293.3458
A83: 3.1.1 | C83: REVESTIMENTO ARGAMASSADO | G83: =G84+G85+G86+G87 -> 592.46392 | I83: =I84+I85+I86+I87 -> 700.88184 | K83: =K84+K85+K86+K87 -> 1293.3458
A84: 3.1.1.1 | B84: 8192 | C84: APLICAÇÃO MANUAL DE PINTURA COM TINTA LÁTEX ACRÍLICA EM PAREDES, DUAS DEMÃOS. AF_06/2014 | D84: m2 | E84: 59.6 | F84: 8.6658 | G84: =F84*E84 -> 516.48168 | H84: 7.3263 | I84: =H84*E84 -> 436.64748 | J84: =H84+F84 -> 15.9921 | K84: =I84+G84 -> 953.12916
A85: 3.1.1.2 | B85: 8196 | C85: APLICAÇÃO E LIXAMENTO DE MASSA LÁTEX EM PAREDES, DUAS DEMÃOS. AF_06/2014 | D85: m2 | E85: 3 | F85: 7.6261 | G85: =F85*E85 -> 22.8783 | H85: 12.1993 | I85: =H85*E85 -> 36.5979 | J85: =H85+F85 -> 19.8254 | K85: =I85+G85 -> 59.4762
A86: 3.1.1.1 | B86: 80017 | C86: LIMPEZA MANUAL COM HIPOCLORITO DE SÓDIO | D86: m2 | E86: 59.6 | F86: 0.0854 | G86: =F86*E86 -> 5.08984 | H86: 2.4231 | I86: =H86*E86 -> 144.41676 | J86: =H86+F86 -> 2.5085 | K86: =I86+G86 -> 149.5066
A87: 3.1.1.2 | B87: 80003 | C87: TRATAMENTO DE FISSURAS E TRINCAS | D87: m | E87: 3 | F87: 16.0047 | G87: =F87*E87 -> 48.0141 | H87: 27.7399 | I87: =H87*E87 -> 83.2197 | J87: =H87+F87 -> 43.7446 | K87: =I87+G87 -> 131.2338
A88: 3.2 | C88: ENSINO FUNDAMENTAL 5 | G88: =G89+G158 -> 616.09472 | I88: =I89+I158 -> 740.82104 | K88: =K89+K158 -> 1356.9158
A89: 3.2.1 | C89: REVESTIMENTO ARGAMASSADO | G89: =G90+G91+G92+G93 -> 616.09472 | I89: =I90+I91+I92+I93 -> 740.82104 | K89: =K90+K91+K92+K93 -> 1356.9158
A90: 3.2.1.1 | B90: 8192 | C90: APLICAÇÃO MANUAL DE PINTURA COM TINTA LÁTEX ACRÍLICA EM PAREDES, DUAS DEMÃOS. AF_06/2014 | D90: m2 | E90: 59.6 | F90: 8.6658 | G90: =F90*E90 -> 516.48168 | H90: 7.3263 | I90: =H90*E90 -> 436.64748 | J90: =H90+F90 -> 15.9921 | K90: =I90+G90 -> 953.12916
A91: 3.2.1.2 | B91: 8196 | C91: APLICAÇÃO E LIXAMENTO DE MASSA LÁTEX EM PAREDES, DUAS DEMÃOS. AF_06/2014 | D91: m2 | E91: 4 | F91: 7.6261 | G91: =F91*E91 -> 30.5044 | H91: 12.1993 | I91: =H91*E91 -> 48.7972 | J91: =H91+F91 -> 19.8254 | K91: =I91+G91 -> 79.3016
A92: 3.2.1.3 | B92: 80017 | C92: LIMPEZA MANUAL COM HIPOCLORITO DE SÓDIO | D92: m2 | E92: 59.6 | F92: 0.0854 | G92: =F92*E92 -> 5.08984 | H92: 2.4231 | I92: =H92*E92 -> 144.41676 | J92: =H92+F92 -> 2.5085 | K92: =I92+G92 -> 149.5066
A93: 3.2.1.4 | B93: 80003 | C93: TRATAMENTO DE FISSURAS E TRINCAS | D93: m | E93: 4 | F93: 16.0047 | G93: =F93*E93 -> 64.0188 | H93: 27.7399 | I93: =H93*E93 -> 110.9596 | J93: =H93+F93 -> 43.7446 | K93: =I93+G93 -> 174.9784
A94: 3.3 | C94: ENSINO FUNDAMENTAL 9 | G94: =G95+G100 -> 1977.7804 | I94: =I95+I100 -> 1238.256 | K94: =K95+K100 -> 3216.0364
A95: 3.3.1 | C95: REVESTIMENTO ARGAMASSADO | G95: =G96+G97+G98+G99 -> 766.0804 | I95: =I96+I97+I98+I99 -> 1020.624 | K95: =K96+K97+K98+K99 -> 1786.7044
A96: 3.3.1.1 | B96: 8192 | C96: APLICAÇÃO MANUAL DE PINTURA COM TINTA LÁTEX ACRÍLICA EM PAREDES, DUAS DEMÃOS. AF_06/2014 | D96: m2 | E96: 55.75 | F96: 8.6658 | G96: =F96*E96 -> 483.11835 | H96: 7.3263 | I96: =H96*E96 -> 408.44122 | J96: =H96+F96 -> 15.9921 | K96: =I96+G96 -> 891.55957
A97: 3.3.1.2 | B97: 8196 | C97: APLICAÇÃO E LIXAMENTO DE MASSA LÁTEX EM PAREDES, DUAS DEMÃOS. AF_06/2014 | D97: m2 | E97: 5 | F97: 7.6261 | G97: =F97*E97 -> 38.1305 | H97: 12.1993 | I97: =H97*E97 -> 60.9965 | J97: =H97+F97 -> 19.8254 | K97: =I97+G97 -> 99.127
A98: 3.3.1.3 | B98: 80017 | C98: LIMPEZA MANUAL COM HIPOCLORITO DE SÓDIO | D98: m2 | E98: 55.75 | F98: 0.0854 | G98: =F98*E98 -> 4.76105 | H98: 2.4231 | I98: =H98*E98 -> 135.08782 | J98: =H98+F98 -> 2.5085 | K98: =I98+G98 -> 139.84887
A99: 3.3.1.4 | B99: 80003 | C99: TRATAMENTO DE FISSURAS E TRINCAS | D99: m | E99: 15 | F99: 16.0047 | G99: =F99*E99 -> 240.0705 | H99: 27.7399 | I99: =H99*E99 -> 416.0985 | J99: =H99+F99 -> 43.7446 | K99: =I99+G99 -> 656.169
A100: 3.3.2 | C100: SISTEMA ELÉTRICO | G100: =G101+G102 -> 1211.7 | I100: =I101+I102 -> 217.632 | K100: =K101+K102 -> 1429.332
...

Sheet Cronograma FF (COM VALORES)
B2: CRONOGRAMA FINANCEIRO
A4: OBSERVAÇÕES:
B5: 1 - As informações mínimas que deverão constar no Cronograma Físico Financeiro são: - Valor e percentual
B6: de material e mão de obra referente a cada parcela, valor total da parcela, valor de material por parcela,
B7: valor de mão de obra por parcela, percentual referente a cada parcela em relação ao custo da Obra.
B8: 2 - O Cronograma acima deverá ser apresentado utilizando papel timbrado da empresa;
B9: 3 - Os itens elencados acima são referentes a obra ora em licitação, e servirão de referências para cotação.
B12: CRONOGRAMA FÍSICO-FINANCEIRO
H13: PARCELA 01 | L13: PARCELA 02 | P13: PARCELA 03
G14: MATERIAL | I14: MÃO DE OBRA | K14: MATERIAL | M14: MÃO DE OBRA | O14: MATERIAL | Q14: MÃO DE OBRA
A15: ITEM | B15: DISCRIMINAÇÃO | C15: MATER. TOTAL (R$) | D15: M.D.O. TOTAL (R$) | E15: TOTAL ÍTEM (R$) | F15: % | G15: (R$) | H15: % | I15: (R$) | J15: % | K15: (R$) | L15: % | M15: (R$) | N15: % | O15: (R$) | P15: % | Q15: (R$) | R15: %
A16: A | B16: PRÉDIO PRINCIPAL
A17: 1 | B17: ='CUSTO (COM VALORES)'!C6 -> COBERTURA | C17: ='CUSTO (COM VALORES)'!G6 -> 229782.44 | D17: ='CUSTO (COM VALORES)'!I6 -> 65527.043 | E17: =C17+D17 -> 295309.48 | F17: =(E17/E$22)*100 -> 79.456469 | G17: =C17*H17 -> 114891.22 | H17: 0.5 | I17: =D17*J17 -> 32763.521 | J17: 0.5 | K17: =C17*L17 -> 114891.22 | L17: 0.5 | M17: =D17*N17 -> 32763.521 | N17: 0.5 | O17: =G17*P17 -> 0 | P17: 0 | Q17: =D17*R17 -> 0 | R17: 0
A18: 2 | B18: ='CUSTO (COM VALORES)'!C55 -> ÁREAS INTERNAS - SEGUNDO PAVIMENTO | C18: ='CUSTO (COM VALORES)'!G55 -> 1681.8354 | D18: ='CUSTO (COM VALORES)'!I55 -> 794.23202 | E18: =C18+D18 -> 2476.0674 | F18: =(E18/E$22)*100 -> 0.66621489 | G18: =C18*H18 -> 0 | H18: 0 | I18: =D18*J18 -> 0 | J18: 0 | K18: =C18*L18 -> 1681.8354 | L18: 1 | M18: =D18*N18 -> 794.23202 | N18: 1 | O18: =G18*P18 -> 0 | P18: 0 | Q18: =D18*R18 -> 0 | R18: 0
A19: 3 | B19: ='CUSTO (COM VALORES)'!C81 -> ÁREAS INTERNAS - PRIMEIRO PAVIMENTO | C19: ='CUSTO (COM VALORES)'!G81 -> 7156.3826 | D19: ='CUSTO (COM VALORES)'!I81 -> 7221.8078 | E19: =C19+D19 -> 14378.19 | F19: =(E19/E$22)*100 -> 3.8686202 | G19: =C19*H19 -> 0 | H19: 0 | I19: =D19*J19 -> 0 | J19: 0 | K19: =C19*L19 -> 3578.1913 | L19: 0.5 | M19: =D19*N19 -> 3610.9039 | N19: 0.5 | O19: =C19*P19 -> 3578.1913 | P19: 0.5 | Q19: =D19*R19 -> 3610.9039 | R19: 0.5
A20: 4 | B20: ='CUSTO (COM VALORES)'!C154 -> ADMINISTRAÇÃO DE OBRA | C20: ='CUSTO (COM VALORES)'!G154 -> 0 | D20: ='CUSTO (COM VALORES)'!I154 -> 59498.235 | E20: =C20+D20 -> 59498.235 | F20: =(E20/E$22)*100 -> 16.008696 | G20: =C20*H20 -> 0 | H20: 0.3333 | I20: =D20*J20 -> 19830.762 | J20: 0.3333 | K20: =C20*L20 -> 0 | L20: 0.3333 | M20: =D20*N20 -> 19830.762 | N20: 0.3333 | O20: =G20*P20 -> 0 | P20: 0.3334 | Q20: =D20*R20 -> 19836.712 | R20: 0.3334
B22: VALOR TOTAL DO ORÇAMENTO | C22: =SUM(C17:C20) -> 238620.66 | D22: =SUM(D17:D20) -> 133041.32 | E22: =SUM(E17:E20) -> 371661.98 | F22: =SUM(F17:F20) -> 100
B24: VALOR TOTAL MATERIAL (Custo de mercado) | G24: =SUM(G17:G20) -> 114891.22 | H24: =G24/C22 -> 0.48148061 | K24: =SUM(K17:K20) -> 120151.25 | L24: =K24/C22 -> 0.50352408 | O24: =SUM(O17:O20) -> 3578.1913 | P24: =O24/C22 -> 0.014995312
B25: VALOR TOTAL MÃO DE OBRA (Custo de mercado) | I25: =SUM(I17:I20) -> 52594.283 | J25: =I25/D22 -> 0.39532293 | M25: =SUM(M17:M20) -> 56999.419 | N25: =M25/D22 -> 0.42843396 | Q25: =SUM(Q17:Q20) -> 23447.616 | R25: =Q25/D22 -> 0.17624311
B27: Valor Total de Material com BDI | C27: =+C22+C22*'CUSTO (COM VALORES)'!D176/100 -> 308129.24 | G27: =+G24+G24*'CUSTO (COM VALORES)'!D176/100 -> 148358.25 | K27: =+K24+K24*'CUSTO (COM VALORES)'!D176/100 -> 155150.49 | O27: =+O24+O24*'CUSTO (COM VALORES)'!D176/100 -> 4620.4942
B28: Valor Total de Mão de Obra com BDI | D28: =+D22+D22*'CUSTO (COM VALORES)'!D176/100 -> 171795.35 | I28: =+I25+I25*'CUSTO (COM VALORES)'!D176/100 -> 67914.642 | M28: =+M25+M25*'CUSTO (COM VALORES)'!D176/100 -> 73602.964 | Q28: =+Q25+Q25*'CUSTO (COM VALORES)'!D176/100 -> 30277.747
B29: Valor Total do Orçamento | E29: =+E22+E22*'CUSTO (COM VALORES)'!D176/100 -> 479924.59
B31: Valor Total da Parcela/Percentual da Parcela | I31: =G27+I28 -> 216272.9 | J31: =I31/E29 -> 0.45063933 | M31: =K27+M28 -> 228753.45 | N31: =M31/E29 -> 0.47664458 | Q31: =O27+Q28 -> 34898.241 | R31: =Q31/E29 -> 0.072716093
B32: Valor total Acumulado/Percentual Acumulado | I32: =I31 -> 216272.9 | J32: =J31 -> 0.45063933 | M32: =M31+I32 -> 445026.35 | N32: =N31+J32 -> 0.92728391 | Q32: =Q31+M32 -> 479924.59 | R32: =R31+N32 -> 1
B35: Profissional responsável pelo orçamento:
B36: Número de Registro no CREA ou CAU:
B37: Número da ART ou RRT:
E40: Assinatura

Sheet COMPOSIÇÃO
A1: 80003 | B1: TRATAMENTO DE FISSURAS E TRINCAS
A2: SERVIÇO | B2: CÓDIGO SINAPI | C2: COMPOSIÇÃO | D2: Unidade | E2: Quantidade | F2: Preço Unitário | G2: Total
A3: Material | B3: 872 | C3: SELANTE ELASTICO MONOCOMPONENTE A BASE DE POLIURETANO (PU) PARA JUNTAS DIVERSAS | D3: 310ml | E3: 0.2 | G3: =F3*E3 -> 0
A4: Material | B4: 2170 | C4: LIXA EM FOLHA PARA PAREDE OU MADEIRA, NUMERO 120, COR VERMELHA | D4: Unidade | E4: 0.06 | G4: =F4*E4 -> 0
A5: Material | B5: 3303 | C5: VEU POLIESTER | D5: m2 | E5: 0.24 | G5: =F5*E5 -> 0
A6: Material | B6: 3895 | C6: MEMBRANA IMPERMEABILIZANTE ACRILICA MONOCOMPONENTE | D6: kg | E6: 0.24 | G6: =F6*E6 -> 0
A7: Material | B7: 4456 | C7: SELADOR ACRILICO OPACO PREMIUM INTERIOR/EXTERIOR | D7: l | E7: 0.33 | G7: =F7*E7 -> 0
A8: Serviço | B8: 5049 | C8: AJUDANTE DE PINTOR COM ENCARGOS COMPLEMENTARES | D8: h | E8: 0.3 | G8: =F8*E8 -> 0
A9: Serviço | B9: 8119 | C9: PINTOR COM ENCARGOS COMPLEMENTARES | D9: h | E9: 0.4 | G9: =F9*E9 -> 0
A11: 80050 | B11: ENSACAMENTO ENTULHO,TRANS.VERTICAL COM ELEVADOR E CAÇAMBA
A12: SERVIÇO | B12: CÓDIGO SINAPI | C12: COMPOSIÇÃO | D12: Unidade | E12: Quantidade | F12: Preço Unitário | G12: Total
A13: Material | B13: 12247 | C13: CAÇAMBA DE ENTULHO - 6M3 | D13: m3 | E13: 1.15 | G13: =F13*E13 -> 0
A14: Serviço | B14: 8125 | C14: SERVENTE ENCARGOS COMPLEMENTARES | D14: h | E14: 8.124 | G14: =F14*E14 -> 0
F16: Preço Total | G16: =G3+G8+G9+G4+G5+G6+G7 -> 0
A17: 80017 | B17: LIMPEZA MANUAL COM HIPOCLORITO DE SÓDIO
A18: SERVIÇO | B18: CÓDIGO SINAPI | C18: COMPOSIÇÃO | D18: Unidade | E18: Quantidade | F18: Preço Unitário | G18: Total
A19: Material | B19: 1468 | C19: ACIDO CLORIDRICO / ACIDO MURIATICO, DILUICAO 10% A 12% PARA USO EM LIMPEZA | D19: l | E19: 0.005 | G19: =F19*E19 -> 0
A20: Serviço | B20: 5049 | C20: AJUDANTE DE PINTOR COM ENCARGOS COMPLEMENTARES | D20: h | E20: 0.1 | G20: =F20*E20 -> 0
A23: 800025 | B23: LIXAMENTO MANUAL EM PAREDE PARA REMOÇÃO DE TINTA
A24: SERVIÇO | B24: CÓDIGO SINAPI | C24: COMPOSIÇÃO | D24: Unidade | E24: Quantidade | F24: Preço Unitário | G24: Total
A25: Material | B25: 2430 | C25: LIXA D'AGUA EM FOLHA, GRAO 100 | D25: Unidade | E25: 0.25 | G25: =F25*E25 -> 0
A26: Serviço | B26: 8125 | C26: SERVENTE COM ENCARGOS COMPLEMENTARES | D26: h | E26: 0.14 | G26: =F26*E26 -> 0
A29: 800024 | B29: APLICAÇÃO MANUAL DE PINTURA COM TINTA EPÓXI EM PAREDES E FORROS, DUAS DEMÃOS.
A30: SERVIÇO | B30: CÓDIGO SINAPI | C30: COMPOSIÇÃO | D30: Unidade | E30: Quantidade | F30: Preço Unitário | G30: Total
A31: Material | B31: 720 | C31: FITA CREPE ROLO DE 25 MM X 50 M | D31: unidade | E31: 0.01 | G31: =F31*E31 -> 0
A32: Material | B32: 4114 | C32: PRIMER EPOXI / EPOXIDICO | D32: l | E32: 0.2016 | G32: =F32*E32 -> 0
A33: Material | B33: 4391 | C33: DILUENTE EPOXI | D33: l | E33: 0.064 | G33: =F33*E33 -> 0
A34: Material | B34: 4653 | C34: TINTA EPOXI BASE AGUA PREMIUM, BRANCA | D34: l | E34: 0.3222 | G34: =F34*E34 -> 0
A35: Serviço | B35: 5049 | C35: AJUDANTE DE PINTOR COM ENCARGOS COMPLEMENTARES | D35: h | E35: 0.0115 | G35: =F35*E35 -> 0
A36: Serviço | B36: 8121 | C36: PINTOR PARA TINTA EPÓXI COM ENCARGOS COMPLEMENTARES | D36: h | E36: 0.275 | G36: =F36*E36 -> 0
A39: 800027 | B39: RETIRADA MANUAL DE COBERTURA EM TELHA METÁLICA COM APROVEITAMENTO, INCLUSIVE REMOÇÃO E EMPILHAMENTO MANUAL DO MATERIAL
A40: SERVIÇO | B40: CÓDIGO SINAPI | C40: COMPOSIÇÃO | D40: Unidade | E40: Quantidade | F40: Preço Unitário | G40: Total
A41: Serviço | B41: 8125 | C41: SERVENTE COM ENCARGOS COMPLEMENTARES | D41: h | E41: 0.6 | G41: =F41*E41 -> 0
A42: Serviço | B42: 8131 | C42: TELHADISTA COM ENCARGOS COMPLEMENTARES | D42: h | E42: 0.6 | G42: =F42*E42 -> 0
A45: 80029 | B45: IMUNIZAÇÃO DE MADEIRA CONTRA CUPIM, COM APLICAÇÃO DE 01 DEMÃO DE PENTOX OU SIMILAR
A46: SERVIÇO | B46: CÓDIGO SINAPI | C46: COMPOSIÇÃO | D46: Unidade | E46: Quantidade | F46: Preço Unitário | G46: Total
A47: Material | B47: 466 | C47: IMUNIZANTE PARA MADEIRA, INCOLOR | D47: l | E47: 0.125 | G47: =F47*E47 -> 0
A48: Serviço | B48: 8119 | C48: PINTOR COM ENCARGOS COMPLEMENTARES | D48: h | E48: 0.4 | G48: =F48*E48 -> 0
A49: Serviço | B49: 8125 | C49: SERVENTE COM ENCARGOS COMPLEMENTARES | D49: h | E49: 0.35 | G49: =F49*E49 -> 0
A52: 800026 | B52: REMOÇÃO DE CALHA, RUFO OU CORDOALHAS SPDA
A53: SERVIÇO | B53: CÓDIGO SINAPI | C53: COMPOSIÇÃO | D53: Unidade | E53: Quantidade | F53: Preço Unitário | G53: Total
A54: Serviço | B54: 8125 | C54: SERVENTE COM ENCARGOS COMPLEMENTARES | D54: h | E54: 0.23 | G54: =F54*E54 -> 0
A57: 800028 | B57: INJEÇÃO DE RESINA EPÓXI PARA TRATAMENTO DE FISSURAS
A58: SERVIÇO | B58: CÓDIGO SINAPI | C58: COMPOSIÇÃO | D58: Unidade | E58: Quantidade | F58: Preço Unitário | G58: Total
A59: Material | B59: 915 | C59: ADESIVO ESTRUTURAL A BASE DE RESINA EPOXI, BICOMPONENTE, FLUIDO | D59: kg | E59: 1.02 | G59: =F59*E59 -> 0
A60: Serviço | B60: 8125 | C60: SERVENTE COM ENCARGOS COMPLEMENTARES | D60: h | E60: 0.48 | G60: =F60*E60 -> 0
A63: 80000 | B63: SUBSTITUIÇÃO DE PARAFUSOS METÁLICOS
A64: SERVIÇO | B64: CÓDIGO SINAPI | C64: COMPOSIÇÃO | D64: Unidade | E64: Quantidade | F64: Preço Unitário | G64: Total
A65: Material | B65: 227 | C65: HASTE RETA PARA GANCHO DE FERRO GALVANIZADO, COM ROSCA 1/4 " X 30 CM PARA FIXACAO DE TELHA METALICA, INCLUI PORCA E ARRUELAS DE VEDACAO | D65: cj | E65: 1.5 | G65: =F65*E65 -> 0
A66: Serviço | B66: 8063 | C66: AJUDANTE ESPECIALIZADO COM ENCARGOS COMPLEMENTARES | D66: h | E66: 0.4 | G66: =F66*E66 -> 0
A67: Serviço | B67: 8131 | C67: TELHADISTA COM ENCARGOS COMPLEMENTARES | D67: h | E67: 0.4 | G67: =F67*E67 -> 0
F68: Preço Total | G68: =G65+G66+G67 -> 0
A69: 80001 | B69: APLICAÇÃO DE SELANTE EM RUFOS E PARAFUSOS
A70: SERVIÇO | B70: CÓDIGO SINAPI | C70: COMPOSIÇÃO | D70: Unidade | E70: Quantidade | F70: Preço Unitário | G70: Total
A71: Material | B71: 872 | C71: SELANTE ELASTICO MONOCOMPONENTE A BASE DE POLIURETANO (PU) PARA JUNTAS DIVERSAS | D71: 310ml | E71: 0.211 | G71: =F71*E71 -> 0
A72: Serviço | B72: 8125 | C72: SERVENTE COM ENCARGOS COMPLEMENTARES | D72: h | E72: 0.3 | G72: =F72*E72 -> 0
A73: Serviço | B73: 8131 | C73: TELHADISTA COM ENCARGOS COMPLEMENTARES | D73: h | E73: 0.4 | G73: =F73*E73 -> 0
F74: Preço Total | G74: =G71+G72+G73 -> 0
A76: 80031 | B76: PAREDE COM PLACAS CIMENTÍCEAS (DRYWALL), PARA USO EXTERNA, COM UMA FACE SIMPLES E ESTRUTURA METÁLICA COM GUIAS SIMPLES, SEM VÃOS. AF_06/2017_PS
A77: SERVIÇO | B77: CÓDIGO SINAPI | C77: COMPOSIÇÃO | D77: Unidade | E77: Quantidade | F77: Preço Unitário | G77: Total
A78: Material | B78: 244 | C78: PLACA CIMENTICIA LISA E = 10 MM, DE 1,20 X *2,50* M (SEM AMIANTO) | D78: m2 | E78: 2.106 | G78: =F78*E78 -> 0
A79: Material | B79: 2153 | C79: PINO DE ACO COM ARRUELA CONICA, DIAMETRO ARRUELA = *23* MM E COMP HASTE = *27* MM (ACAO INDIRETA) | D79: cento | E79: 0.0243 | G79: =F79*E79 -> 0
A80: Material | B80: 2945 | C80: PERFIL GUIA, FORMATO U, EM ACO ZINCADO, PARA ESTRUTURA PAREDE DRYWALL, E = 0,5 MM, 70 X 3000 MM (L X C) | D80: m | E80: 0.7604 | G80: =F80*E80 -> 0
A81: Material | B81: 2948 | C81: PERFIL MONTANTE, FORMATO C, EM ACO ZINCADO, PARA ESTRUTURA PAREDE DRYWALL, E = 0,5 MM, 70 X 3000 MM (L X C) | D81: m | E81: 1.991 | G81: =F81*E81 -> 0
A82: Material | B82: 2957 | C82: FITA DE PAPEL MICROPERFURADO, 50 X 150 MM, PARA TRATAMENTO DE JUNTAS DE CHAPA DE GESSO PARA DRYWALL | D82: m | E82: 2.5027 | G82: =F82*E82 -> 0
A83: Material | B83: 2958 | C83: FITA DE PAPEL REFORCADA COM LAMINA DE METAL PARA REFORCO DE CANTOS DE CHAPA DE GESSO PARA DRYWALL | D83: m | E83: 0.7407 | G83: =F83*E83 -> 0
A84: Material | B84: 2960 | C84: MASSA DE REJUNTE EM PO PARA DRYWALL, A BASE DE GESSO, SECAGEM RAPIDA, PARA TRATAMENTO DE JUNTAS DE CHAPA DE GESSO (NECESSITA ADICAO DE AGUA) | D84: kg | E84: 1.0327 | G84: =F84*E84 -> 0
A85: Material | B85: 2961 | C85: PARAFUSO DRY WALL, EM ACO FOSFATIZADO, CABECA TROMBETA E PONTA AGULHA (TA), COMPRIMENTO 25 MM | D85: Unidade | E85: 20.0077 | G85: =F85*E85 -> 0
A86: Material | B86: 2969 | C86: PARAFUSO DRY WALL, EM ACO ZINCADO, CABECA LENTILHA E PONTA BROCA (LB), LARGURA 4,2 MM, COMPRIMENTO 13 MM | D86: Unidade | E86: 0.8076 | G86: =F86*E86 -> 0
A87: Serviço | B87: 8092 | C87: TELHADISTA COM ENCARGOS MONTADOR DE ESTRUTURA METÁLICA COM ENCARGOS COMPLEMENTARES | D87: h | E87: 0.549 | G87: =F87*E87 -> 0
A88: Serviço | B88: 8125 | C88: SERVENTE COM ENCARGOS COMPLEMENTARES | D88: h | E88: 0.1362 | G88: =F88*E88 -> 0
F89: Preço Total | G89: =G79+G82+G88 -> 0
